 Dungeon Crawl Stone Soup version 0.30.0-19-g36f170ea60 (webtiles) character file.

Game seed: 15867839269873746326

2741 Irreverend the Nimble (level 9, -7/42 HPs)
             Began as a Felid Summoner on May 27, 2023.
             Was an Initiate of Gozag.
             Mangled by a fire elemental (13 damage)
             ... summoned by a deep elf pyromancer
             ... on level 8 of the Dungeon on May 28, 2023.
             The game lasted 00:37:14 (13004 turns).

Irreverend the Nimble (Felid Summoner)             Turns: 13004, Time: 00:37:14

Health: -7/42      AC:  2    Str: 10    XL:     9   Next: 40%
Magic:  20/20      EV: 28    Int: 21    God:    Gozag
Gold:   886        SH:  0    Dex: 29    Spells: 9/22 levels left
                                        Lives:  0   Deaths: 3

rFire   . . .        (weapon unavailable)
rCold   . . .        (shield unavailable)
rNeg    . . .        (body armour unavailable)
rPois   .            (helmet unavailable)
rElec   +            (cloak unavailable)
rCorr   .            (gloves unavailable)
SInv    +            (boots unavailable)
Will    .....        B - amulet "Sishool" {RegenMP rElec Str+6}
Stlth   +++          j - +6 ring of dexterity
HPRegen 0.27/turn    e - +6 ring of dexterity
MPRegen 0.57/turn

%: no passive effects
@: weak-willed, quick
A: very small, claws 1, fangs 3, see invisible, speed 1, shaggy fur 2, stealthy
paws, no weapons or thrown items, no armour, multi-lived
a: Renounce Religion, Potion Petition, Call Merchant, Bribe Branch


You were on level 8 of the Dungeon.
You worshipped Gozag.
Gozag was pleased with you.
You visited 2 branches of the dungeon, and saw 12 of its levels.

You collected 972 gold pieces.
You paid 86 gold pieces to Gozag.

Inventory:

Jewellery
 d - a ring of protection from cold
 e - a +6 ring of dexterity (right paw)
 j - a +6 ring of dexterity (left paw)
 s - a ring of willpower
 w - an amulet of magic regeneration
 B - the amulet "Sishool" (around neck) {RegenMP rElec Str+6}
   (You found it on level 6 of the Dungeon)

   [amulet of magic regeneration]

   It increases your rate of magic regeneration.
   Str:       It affects your strength (+6).
   rElec:     It insulates you from electricity.
 C - a ring of protection from cold
Wands
 m - a wand of charming (15)
 o - a wand of polymorph (3)
 q - a wand of mindburst (5)
 v - a wand of digging (4)
 F - a wand of iceblast (4)
Scrolls
 b - 3 scrolls of identify
 f - a scroll of magic mapping
 h - a scroll of acquirement {unknown}
 n - a scroll of torment
 r - a scroll of summoning
 t - a scroll of noise
 x - a scroll of immolation
 A - a scroll of vulnerability
 E - a scroll of fog {unknown}
Potions
 a - a potion of magic
 c - a potion of flight
 i - 3 potions of attraction
 k - 3 potions of curing
 l - a potion of might
 p - a potion of haste
 u - 3 potions of mutation
 z - a potion of lignification {unknown}


   Skills:
 + Level 6.7 Fighting
 + Level 9.3 Dodging
 - Level 2.6 Stealth
 + Level 7.1 Spellcasting
 - Level 4.1 Hexes
 + Level 8.5 Summonings
 + Level 5.4 Air Magic


You had 9 spell levels left.
You knew the following spells:

 Your Spells              Type           Power      Damage    Failure   Level
a - Summon Small Mammal   Summ           100%       N/A       1%          1
b - Call Imp              Summ           86%        N/A       1%          2
c - Call Canine Familiar  Summ           43%        N/A       1%          3
d - Summon Guardian Gole  Hex/Summ       34%        N/A       1%          3
e - Summon Lightning Spi  Summ/Air       36%        N/A       4%          4

Your spell library contained the following spells:

 Spells                   Type           Power      Damage    Failure   Level
 Summon Ice Beast         Ice/Summ       25%        N/A       16%         4
 Frozen Ramparts          Ice            14%        1d3       26%         3
 Hailstorm                Conj/Ice       7%         3d4       26%         3
 Stone Arrow              Conj/Erth      14%        3d7       26%         3
 Ice Form                 Ice/Tmut       7%         N/A       65%         4
 Lehudib's Crystal Spear  Conj/Erth      3%         10d3      100%        8
 Animate Armour           Summ/Erth      Unusable   N/A       N/A         4
 Simulacrum               Ice/Necr       Unusable   N/A       N/A         6

Dungeon Overview and Level Annotations

Branches:
Dungeon (11/15)            Temple (1/1) D:5
   Lair: D:8-11         Orc: D:9-12

Altars:
Ashenzari
Cheibriados
Dithmenos
Elyvilon
Fedhas
Gozag
Hepliaklqana
Kikubaaqudgha
Makhleb
Okawaru
Qazlal
Ru
Sif Muna
Trog
Uskayaw
Vehumet
Wu Jian
Xom
Yredelemnul
Zin
The Shining One

Shops:
D:3 !   D:7 *

Annotations:
D:3 2 transporters
D:6 2 transporters, Kazon's ghost, novice OpCj
D:8 Grum; Maggie


Innate Abilities, Weirdness & Mutations

You have sharp claws.
You have razor-sharp teeth.
You have supernaturally acute eyesight. (SInv)
You cover ground quickly. (Speed+)
You are covered in thick fur. (AC +2)
Your paws help you pounce on unaware monsters.
You are incapable of wielding weapons or throwing items.
You cannot wear armour.
You gain extra lives every three experience levels.


Message History

As you read the scroll labelled GENGUA QURRENE, it crumbles to dust.
It was a scroll of poison.
The fire elemental hits you. The fire elemental burns you!
The fire elemental completely misses you.
The fire elemental misses you.
The deep elf pyromancer mumbles some strange words.
The deep elf pyromancer blinks!
Aiming: Iceblast
Press: ? - help, Shift-Dir - straight line, p - deep elf pyromancer The mass of ice explodes!
The iceblast engulfs the fire elemental!!
The fire elemental is frozen!
The fire elemental is heavily damaged.
The iceblast engulfs the fire elemental.
The fire elemental is frozen!
The fire elemental is moderately damaged.
The fire elemental barely misses you.
The fire elemental completely misses you. x2
The deep elf pyromancer is engulfed in poison gas.
The deep elf pyromancer is poisoned.
Flame seeps out of the deep elf pyromancer.
As you read the scroll labelled CAYMUMPA YVOL, it crumbles to dust.
Magic quickly surges around you.
It was a scroll of vulnerability.
Flame seeps out of the deep elf pyromancer.
The fire elemental hits you. The fire elemental burns you!
The fire elemental misses you. The fire elemental hits you.
The fire elemental burns you!
* * * LOW HITPOINT WARNING * * *
The fire elemental closely misses you.
The deep elf pyromancer is engulfed in poison gas.
The deep elf pyromancer looks even sicker.
Flame seeps out of the deep elf pyromancer.
As you read the scroll labelled GAEZXI MIMOLU, it crumbles to dust.
It is a scroll of enchant armour.
You aren't carrying any armour which can be enchanted further.
The fire elemental hits you.
* * * LOW HITPOINT WARNING * * *
The fire elemental burns you!
You die...
Your body crumbles into a pile of gold.

************
,,,,,,,,,,,*
,****,,****************
,****,,* #,,,*,,,*,,,*
,,,,,,,***#.,,+,,,+,,,*
,****,,,,,#..,*,,,*,,,*
,****,****##'######*+**
,,,,,,* #...#§@E#,,,*
,,***** #...#E.E#,,,*
#.#########...#§)§#,,,*
#.##......##'###e##*'**
..##......#..○#§§§#,,,*
#.##......#...'§§§#,,,*
#.##...)..#...#§§§#,,,*
..##......##'######****
#.##.......#.* *,*,*


You could see a deep elf pyromancer (inner flame, very poisoned, weak-willed)
and 3 fire elementals.

Vanquished Creatures
  A steam dragon (D:6)
  An iguana (D:4)
  A bat (D:1)
  A jackal (D:4)
4 creatures vanquished.

Vanquished Creatures (collateral kills)
  A centaur warrior (D:8)
  A slime creature (D:8)
  Sigmund (D:3)
  A shadow (D:10)
  A wyvern (D:9)
  A steam dragon (D:7)
  Menkaure (D:7)
  2 water moccasins
  3 sky beasts
  A black bear (D:4)
  2 ice beasts
  An ogre (D:5)
  A centaur (D:5)
  A phantom (D:5)
  5 bullfrogs
  2 scorpions (D:5)
  4 killer bees (D:7)
  2 howler monkeys
  3 jellies
  5 hounds
  2 orc priests
  A sleepcap (D:6)
  Jessica (D:3)
  6 iguanas
  6 orc wizards
  Ijyb (D:3)
  A mummy (D:4)
  2 gnolls (D:7)
  5 adders
  6 river rats (D:5)
  2 shadow imps
  2 white imps (D:6)
  An ufetubus (D:3)
  2 worms
  3 dart slugs
  11 orcs
  14 endoplasms
  3 giant cockroaches
  9 goblins
  8 hobgoblins
  12 jackals
  3 quokkas
  6 ball pythons
  4 bats
  A frilled lizard (D:3)
  A hobgoblin zombie (D:4)
  9 kobolds
  3 kobold zombies (D:4)
  4 rats
168 creatures vanquished.

Vanquished Creatures (others)
  A two-headed ogre (D:9)
  A hornet (D:8)
  Prince Ribbit (D:7)
  A wraith (D:9)
  An orc warrior (D:7)
  An ogre (D:5)
  A killer bee (D:7)
  A gnoll bouda (D:7)
  3 hell rats (D:5)
  3 orc wizards
  A gnoll (D:7)
  12 river rats (D:5)
  4 orcs
31 creatures vanquished.

Grand Total: 203 creatures vanquished

Notes
Turn   | Place    | Note
-------+----------+-------------------------------------------
     0 | D:1      | Irreverend the Felid Summoner began the quest for the Orb.
     0 | D:1      | Reached XP level 1. HP: 7/7 MP: 4/4
   400 | D:1      | Reached XP level 2. HP: 11/11 MP: 4/6
   403 | D:1      | Learned a level 2 spell: Call Imp
   926 | D:1      | Reached XP level 3. HP: 14/14 MP: 2/8
  1149 | D:1      | Learned a level 3 spell: Call Canine Familiar
  1584 | D:2      | Reached XP level 4. HP: 18/18 MP: 1/9
  1588 | D:2      | Learned a level 3 spell: Summon Guardian Golem
  1786 | D:2      | Reached skill level 5 in Summonings
  2196 | D:2      | Reached skill level 1 in Hexes
  2230 | D:2      | Reached skill level 3 in Dodging
  2236 | D:2      | Reached skill level 1 in Fighting
  2236 | D:2      | Reached XP level 5. HP: 22/22 MP: 6/11
  2811 | D:3      | Found a transporter.
  2811 | D:3      | Found a transporter.
  2869 | D:3      | Noticed Ijyb
  2896 | D:3      | Killed Ijyb
  2940 | D:3      | Noticed an ice beast
  2975 | D:3      | Killed an ice beast
  2976 | D:3      | Gained mutation: You are covered in thick fur. (AC +2)
                  | [Felid growth]
  2976 | D:3      | Reached XP level 6. HP: 26/26 MP: 2/12
  3189 | D:3      | Found a faded altar of an unknown god.
  3282 | D:3      | Found Foshrucs's Distillery.
  3581 | D:3      | Noticed Jessica
  3592 | D:3      | Killed Jessica
  3644 | D:3      | Noticed Sigmund
  3659 | D:3      | Killed Sigmund
  3660 | D:3      | Reached skill level 4 in Dodging
  3812 | D:4      | Identified the +7 sling of Pride {flame, +Blink Will- Str+3
                  | Int+3}
  4066 | D:4      | Reached XP level 7. HP: 21/30 MP: 6/14
  4735 | D:4      | Learned a level 4 spell: Summon Lightning Spire
  4939 | D:5      | Entered Level 5 of the Dungeon
  5048 | D:5      | Slain by a water moccasin
  5049 | D:5      | Reached XP level 6. HP: -5/27 MP: 8/13
  5049 | D:5      | Found a staircase to the Ecumenical Temple.
  5069 | D:5      | Reached skill level 5 in Dodging
  5082 | D:5      | Killed a water moccasin
  5083 | D:5      | Reached skill level 1 in Air Magic
  5083 | D:5      | Reached XP level 7. HP: 26/31 MP: 4/14
  6291 | D:5      | Reached skill level 6 in Dodging
  6474 | D:5      | Reached XP level 8. HP: 36/36 MP: 16/16
  6650 | D:5      | Reached skill level 5 in Spellcasting
  8476 | D:5      | Found the +2 ratskin cloak {*Rats rPois rN+ Str-1 Int-1
                  | Dex+1}
  8709 | Temple   | Entered the Ecumenical Temple
  8716 | Temple   | Became a worshipper of Gozag Ym Sagoz the Greedy
  9264 | D:6      | Identified the amulet "Sishool" {RegenMP rElec Str+6}
  9770 | D:6      | Killed from afar by a steam dragon
  9771 | D:6      | Reached XP level 7. HP: 0/33 MP: 16/16
  9916 | D:6      | Found a bloodstained altar of Trog.
 10106 | D:6      | Noticed Kazon's ghost (novice OpCj)
 10306 | D:6      | Found a transporter.
 10311 | D:6      | Found a transporter.
 10469 | D:6      | Found a basalt altar of Yredelemnul.
 10469 | D:6      | Found a blossoming altar of Fedhas.
 10527 | D:6      | Killed a steam dragon
 10528 | D:6      | Reached skill level 7 in Dodging
 10528 | D:6      | Reached XP level 8. HP: 11/36 MP: 17/17
 10716 | D:7      | Reached skill level 5 in Fighting
 10748 | D:7      | Noticed Prince Ribbit
 10769 | D:7      | Killed Prince Ribbit
 10828 | D:7      | Noticed Menkaure
 10838 | D:7      | Killed Menkaure
 10971 | D:7      | Found Xaus's Mass Market.
 11076 | D:7      | Reached XP level 9. HP: 40/40 MP: 17/19
 11129 | D:7      | Reached skill level 8 in Dodging
 11330 | D:7      | Found a white marble altar of Elyvilon.
 11830 | D:7      | Found an ancient bone altar of Kikubaaqudgha.
 12374 | D:8      | Found a hide-covered altar of Uskayaw.
 12375 | D:8      | You fall into a shaft and drop 3 floors!
 12381 | D:10     | Entered Level 10 of the Dungeon
 12574 | D:10     | Found the +5 demon whip "Spellbinder" {antimagic, disrupt,
                  | Will+}
 12641 | D:9      | Noticed a two-headed ogre
 12647 | D:9      | Killed a two-headed ogre
 12648 | D:9      | Reached skill level 9 in Dodging
 12648 | D:9      | Reached skill level 5 in Air Magic
 12648 | D:9      | Reached XP level 10. HP: 35/46 MP: 21/21
 12863 | D:8      | Noticed Maggie
 12869 | D:8      | Noticed a boulder beetle
 12870 | D:8      | Noticed a manticore
 12870 | D:8      | Noticed Grum
 12871 | D:8      | Slain by an orc warrior
 12872 | D:8      | Reached XP level 9. HP: -4/42 MP: 20/20
 12880 | D:8      | Noticed a centaur warrior
 12894 | D:8      | Killed a centaur warrior
 12924 | D:8      | Noticed a cyan ugly thing
 12963 | D:8      | Noticed a deep elf pyromancer
 12999 | D:8      | Noticed a fire crab
 13004 | D:8      | Mangled by a fire elemental

Illustrated notes

Levels and vault maps discovered:
D:1:      minmay_arrival_four_houses, layout_rooms, minmay_quantized
D:2:      cheibrodos_fertilizer, layout_loops_ring
D:3:      layout_loops_ring, serial_shops, nicolae_shop_real_fake_doors,
          serial_aquarium, aquarium_bridge_long_separate
          [aquarium_subvault_bridge, aquarium_subvault_bridge,
          aquarium_subvault_balcony, aquarium_subvault_balcony,
          aquarium_subvault_bridge, aquarium_subvault_bridge],
          aquarium_bridge_straight [aquarium_subvault_bridge,
          aquarium_subvault_window, aquarium_subvault_bridge,
          aquarium_subvault_balcony], aquarium_window_double, aquarium_window_2,
          aquarium_window_1, aquarium_view_2b, aquarium_balcony_3b,
          aquarium_pool_S, shapermc_ecumenical_altar_ellora,
          gammafunk_ghost_gnarly_gnolls, st_stairs_8, uniq_jessica, uniq_ijyb,
          uniq_sigmund
D:4:      layout_rooms, minmay_mini_ossuary, uniq_crazy_yiuf_cottage
D:5:      wander_guarded_unrand_ratskin, layout_cave_pools,
          minmay_temple_entry_tees
D:6:      layout_rooms, trog_book, gammafunk_temple_overflow_statue,
          gammafunk_ghost_hive, kennysheep_generic_room_10
D:7:      layout_cave_pools, mainiacjoe_overflow_alcove_2, marbit_many_paths,
          moated_statue, minmay_shop_mass, uniq_prince_ribbit1, uniq_menkaure
D:8:      layout_loops_cross, mainiacjoe_overflow_concentric_impassable,
          minmay_evil_grid, uniq_grum, uniq_maggie
D:9:      layout_loops_ring, nemelex_xobeh_ov_fountains_minmay,
          david_lair_generic, serial_shops, nicolae_square_shop,
          chequers_serial_rivers_large_a, grunt_ogre_cave
D:10:     layout_long_grid, enter_trove_3, kennysheep_generic_room_3
D:11:     layout_stronghold, zombieorc2_lemuel, lemuel_flamethrower_hall
Temple:   nicolae_temple_no_exploring_needed

Skill      XL: |  1  2  3  4  5  6  7  8  9 |
---------------+----------------------------+-----
Spellcasting   | 3 4 6 7 |  7.1
Summonings     | 5 6 7 8 |  8.5
Hexes          | 1 2 3 4 |  4.1
Dodging        | 3 5 7 9 |  9.3
Fighting       | 1 3 5 6 |  6.7
Air Magic      | 1 2 4 5 |  5.4
Stealth        | |  2.6

Action                     |  1- 3 |  4- 6 |  7- 9 | 10-12 || total
---------------------------+-------+-------+-------+-------++-------
  Melee: Unarmed           |     3 |     1 |    12 |     1 ||    17
         Bite              |     1 |       |     3 |       ||     4
   Cast: Summon Small Mamm |    29 |     3 |       |       ||    32
         Call Imp          |    10 |    18 |    45 |       ||    73
         Call Canine Famil |     6 |    23 |    75 |     1 ||   105
         Summon Guardian G |       |       |    57 |     1 ||    58
         Summon Lightning  |       |       |    21 |     1 ||    22
  Evoke: Wand              |       |       |     7 |       ||     7
    Use: Scroll            |       |       |    12 |     3 ||    15
         Potion            |       |       |     2 |       ||     2
   Stab: Distracted        |       |     1 |     1 |       ||     2
 Armour: Skin              |     1 |     1 |     6 |       ||     8
  Dodge: Dodged            |    27 |    34 |   127 |    28 ||   216
